 Dungeon Crawl Stone Soup version 0.31-a0-102-g33a4ccc0cb (webtiles) character file.

Game seed: 10755364314613971242

21 PriceMaster the Insei (level 2, 0/27 HPs)
             Began as an Octopode Transmuter on May 26, 2023.
             Slain by a gnoll
             ... wielding a +0 spear
              (2 damage)
             ... on level 2 of the Dungeon.
             The game lasted 00:01:36 (912 turns).

PriceMaster the Insei (Octopode Transmuter)          Turns: 912, Time: 00:01:37

Health: 0/27       AC: 21    Str:  9    XL:     2   Next: 83%
Magic:  5/5        EV:  2    Int: 15    God:
Gold:   41         SH:  0    Dex: 12    Spells: 4/5 levels left

rFire   . . .        g - +0 hand axe
rCold   . . .        (no shield)
rNeg    . . .        (helmet currently unavailable)
rPois   +            (no amulet)
rElec   .            (no ring)
rCorr   .            (no ring)
SInv    .            (no ring)
Will    .....        (no ring)
Stlth   ++           (no ring)
HPRegen 0.24/turn    (no ring)
MPRegen 0.09/turn    (no ring)
                     (no ring)

%: no passive effects
@: tree-form, attractive
A: stationary, stasis, torment immunity, boosted hp, almost no armour,
(amphibious), 8 rings, (camouflage 1), (gelatinous body 1), (nimble swimmer 1),
(tentacles), deterioration 2
a: no special abilities


You were on level 2 of the Dungeon.
You were a tree.
You visited 1 branch of the dungeon, and saw 2 of its levels.

You collected 41 gold pieces.

Inventory:

Hand Weapons
 g - a +0 hand axe (weapon)
Missiles
 f - 6 silver javelins
Scrolls
 b - a scroll of identify
 c - 2 scrolls of teleportation


   Skills:
 + Level 1.0 Fighting
 + Level 2.3 Dodging
 + Level 1.2 Stealth
 + Level 3.1 Unarmed Combat
 + Level 2.3 Spellcasting
 + Level 2.1 Transmutations


You had 4 spell levels left.
You knew the following spells:

 Your Spells              Type           Power      Damage    Failure   Level
a - Beastly Appendage     Tmut           16%        N/A       9%          1

Your spell library contained the following spells:

 Spells                   Type           Power      Damage    Failure   Level
 Wereblood                Tmut           8%         N/A       14%         2
 Blink                    Tloc           2%         N/A       32%         2
 Lesser Beckoning         Tloc           2%         N/A       32%         2
 Cigotuvi's Dreadful Rot  Necr/Pois/Air  0%         N/A       36%         2
 Momentum Strike          Conj/Tloc      0%         3d8       36%         2
 Spider Form              Tmut/Pois      4%         N/A       43%         3
 Ice Form                 Ice/Tmut       4%         N/A       83%         4
 Dispel Undead            Necr           1%         3d6       91%         4
 Death Channel            Necr           0%         N/A       100%        6


Dungeon Overview and Level Annotations

Branches:
Dungeon (2/15)

Altars:


Innate Abilities, Weirdness & Mutations

You are a tree.
Your roots penetrate the ground, keeping you stationary.
You cannot be teleported.
You are immune to unholy pain and torment.
Your maximum health is greatly increased.
You cannot wear most types of armour.
((You are amphibious.))
You can wear up to eight rings at the same time.
((Your skin changes colour to match your surroundings (Stealth+).))
((Your rubbery body absorbs attacks. (AC +1, EV +1)))
((You are camouflaged when in or above water. (Stealth+)))
((You have tentacles for arms and can constrict up to eight enemies at once.))
Your body often deteriorates upon taking damage.


Message History

You kill the ball python!
You hit the gnoll. The gnoll hits you but does no damage.
The gnoll hits you from afar with a +0 spear.
You cannot move.
You cannot move.
You completely miss the gnoll.
The gnoll is lightly wounded.
The gnoll hits you but does no damage. The gnoll completely misses you.
The gnoll hits you but does no damage. x3; The gnoll is attracted toward you.
You hit the gnoll.
The gnoll is moderately wounded.
You hit the gnoll.
The gnoll hits you from afar with a +0 spear.
* * * LOW HITPOINT WARNING * * *
Casting: Beastly Appendage (safe; 9% risk of failure)
Confirm with . or Enter, or press ? or * to list all spells.
You are stuck in your current form!
There are monsters nearby!
You hit the gnoll.
The gnoll is severely wounded.
You hit the gnoll.
The gnoll hits you but does no damage. x2
You barely miss the gnoll.
The gnoll is severely wounded.
You hit the gnoll but do no damage.
The gnoll hits you from afar with a +0 spear.
* * * LOW HITPOINT WARNING * * *
The gnoll hits you with a +0 spear.
* * * LOW HITPOINT WARNING * * *
The gnoll barely misses you.
The gnoll hits you but does no damage. x2
You cannot move.
You hit the gnoll.
The gnoll is almost dead.
You hit the gnoll but do no damage. The gnoll hits you but does no damage.
The gnoll hits you with a +0 spear.
* * * LOW HITPOINT WARNING * * *
You hit the gnoll.
You kill the gnoll!
You hit the gnoll. The gnoll hits you but does no damage.
The gnoll hits you from afar with a +0 spear.
You die...

##.... .#...$.# #
........ . #.....#
.# ##.....###.###.
##........g.....
###....$<.)g......
..........♣#
#.......## #.#
##.....## #.#
##...## . #.#
##.#####.... #.#
##..[...... #.#
#.####.... #.# #.#
. #.####### #.#


You could see 2 gnolls.

Vanquished Creatures
  A gnoll (D:2)
  A dart slug (D:1)
  3 endoplasms
  A giant cockroach (D:1)
  A goblin (D:1)
  A hobgoblin (D:1)
  A kobold (D:1)
  A quokka (D:1)
  4 ball pythons
  4 rats (D:1)
18 creatures vanquished.

Notes
Turn   | Place    | Note
-------+----------+-------------------------------------------
     0 | D:1      | PriceMaster the Octopode Transmuter began the quest for the
                  | Orb.
     0 | D:1      | Reached XP level 1. HP: 13/13 MP: 3/3
   307 | D:1      | Reached XP level 2. HP: 18/18 MP: 3/5
   362 | D:1      | Reached skill level 1 in Stealth
   902 | D:2      | Gained mutation: Your body sometimes deteriorates upon
                  | taking damage. [potion of mutation]
   902 | D:2      | Gained mutation: Your body often deteriorates upon taking
                  | damage. [potion of mutation]
   912 | D:2      | Slain by a gnoll

Illustrated notes

Levels and vault maps discovered:
D:1:      wander_arrival_abandoned_jail, layout_loops_ring
D:2:      layout_loops_ring

Skill      XL: |  1  2 |
---------------+-------+-----
Stealth        | 1 |  1.2
Fighting       | |  1.0
Dodging        | |  2.3
Unarmed Combat | |  3.1
Spellcasting   | |  2.3
Transmutations | |  2.1

Action                     || total
---------------------------++-------
  Melee: Unarmed           ||    23
         Constrict         ||     6
         Kick              ||     5
         Tentacles         ||     4
         Hand axe          ||    11
   Cast: Beastly Appendage ||    23
    Use: Potion            ||     3
         Scroll            ||     1
   Stab: Sleeping          ||     8
 Armour: Skin              ||    28
  Dodge: Dodged            ||    18

Table legend: (Time is in decaauts)
 A = Elapsed time spent in this place.
 B = Non-inter-level travel time spent in this place.
 C = Inter-level travel time spent in this place.
 D = Time resting spent in this place.
 E = Time spent auto-exploring this place.
 F = Levels seen in this place.
 G = Mean time per level.
                   A        B        C        D        E       F      G
               +--------+--------+--------+--------+--------+-----+--------+
         Total |    912 |    879 |     33 |      0 |    704 |   2 |  456.0 |
       Dungeon |    912 |    879 |     33 |      0 |    704 |   2 |  456.0 |
               +--------+--------+--------+--------+--------+-----+--------+

Top non-repeatable levels by time:
     D:1: 854 daAuts
     D:2: 58 daAuts
